 Dungeon Crawl Stone Soup version 0.26-a0-1013-gf6ffb0d6bd (webtiles) character file.

Game seed: 1754607048015671036

6 streetpizza the Insei (level 1, 0/13 HPs)
             Began as an Octopode Transmuter on Dec 7, 2020.
             Slain by a hobgoblin
             ... wielding a +0 club
              (3 damage)
             ... on level 1 of the Dungeon.
             The game lasted 00:01:07 (276 turns).

streetpizza the Insei (Octopode Transmuter)          Turns: 276, Time: 00:01:08

Health: 0/13       AC:  1    Str:  9    XL:     1   Next: 90%
Magic:  2/3        EV: 13    Int: 15    God:
Gold:   0          SH:  0    Dex: 12    Spells: 3/4 levels left

rFire    . . .     SeeInvis .     - Unarmed
rCold    . . .     Faith    .   (no shield)
rNeg     . . .     Spirit   .   (helmet currently unavailable)
rPois    .         Reflect  .   (no amulet)
rElec    .         Harm     .   (no ring)
rCorr    .         Rampage  .   (no ring)
Will     .....                  (no ring)
Stlth    ++........             (no ring)
HPRegen  0.04/turn              (no ring)
MPRegen  0.08/turn              (no ring)
                                (no ring)
                                (no ring)

@: appendages (expiring)
A: almost no armour, stealthy swim, amphibious, 8 rings, constrict 8, tentacle
spike 3, camouflage 1, gelatinous body 1
a: End Transformation


You were on level 1 of the Dungeon.
One of your tentacles had a temporary spike.
You visited 1 branch of the dungeon, and saw 1 of its levels.

Inventory:

Potions
 a - 2 potions of curing {unknown}


   Skills:
 + Level 1.1 Fighting
 + Level 2.1 Dodging
 + Level 3.0 Unarmed Combat
 - Level 2.0 Spellcasting
 * Level 2.2 Transmutations


You had 3 spell levels left.
You knew the following spells:

 Your Spells              Type           Power        Failure   Level
a - Beastly Appendage     Tmut           #.....       9%          1

Your spell library contained the following spells:

 Spells                   Type           Power        Failure   Level
 Wereblood                Tmut           #.......     14%         2
 Spider Form              Tmut/Pois      #.........   38%         3
 Ice Form                 Ice/Tmut       #.......     80%         4
 Blade Hands              Tmut           #.........   94%         5


Dungeon Overview and Level Annotations

Branches:
Dungeon (1/15)

Altars:


Innate Abilities, Weirdness & Mutations

You cannot wear most types of armour.
You are very stealthy in the water. (Stealth+)
You are amphibious.
You can wear up to eight rings at the same time.
You can use your tentacles to constrict eight enemies at once.
Your skin changes colour to match your surroundings (Stealth+).
Your rubbery body absorbs attacks. (AC +1, EV +1)
One of your tentacles bears a large vicious spike.


Message History

You see here a rat corpse.
Magic restored.
Your tentacle spike disappears.
A hobgoblin comes into view. It is wielding a +0 club.
Casting: Beastly Appendage (safe; 9% risk of failure)
Confirm with . or Enter, or press ? or * to list all spells.
One of your tentacles grows a vicious spike.
The hobgoblin shouts!
You hear a shout!
You tentacle-slap the hobgoblin but do no damage.
You grab the hobgoblin.
Your transformation is almost over.
You constrict the hobgoblin. The hobgoblin hits you with a +0 club!
Ouch! That really hurt!
* * * LOW HITPOINT WARNING * * *
You tentacle-slap the hobgoblin but do no damage.
You squeeze the hobgoblin.
The hobgoblin is almost dead.
You constrict the hobgoblin, but do no damage.
The hobgoblin hits you with a +0 club.
You die...

#.....♣..P.♣
#......♣.♣♣#
###..........#
......>....>.#
.............#
.............# .
...####.....#####
... ...#
##.†#.....####....
...#
#....####g@.......
...#
#.##.....###.#....
...# #.
##.##.#........ #.
#.##....##... #.
#.##....?....#
#.................
...........#....##
..........##....
.........## ....


You could see a hobgoblin.

Vanquished Creatures
  2 goblins (D:1)
  A hobgoblin (D:1)
  A bat (D:1)
  A frilled lizard (D:1)
  2 rats (D:1)
7 creatures vanquished.

Notes
Turn   | Place    | Note
-------+----------+-------------------------------------------
     0 | D:1      | streetpizza the Octopode Transmuter began the quest for the
                  | Orb.
     0 | D:1      | Reached XP level 1. HP: 13/13 MP: 3/3
   276 | D:1      | Slain by a hobgoblin

Illustrated notes

Levels and vault maps discovered:
D:1:      psy_arrival_fountain, layout_rooms, serial_forest,
          infiniplex_forest_clump_medium, infiniplex_forest_diagonal,
          infiniplex_forest_end_2, infiniplex_forest_straight_5,
          infiniplex_forest_end_3, infiniplex_forest_lined_room_,
          infiniplex_forest_clump_long, infiniplex_forest_straight_2

Action                   || total
-------------------------++-------
Melee: Unarmed           ||    19
       Constrict         ||     5
       Tentacles         ||     4
       Kick              ||     1
 Cast: Beastly Appendage ||     3
 Stab: Sleeping          ||     2
Armor: Skin              ||     2
Dodge: Dodged            ||     6

Table legend: (Time is in decaauts)
 A = Elapsed time spent in this place.
 B = Non-inter-level travel time spent in this place.
 C = Inter-level travel time spent in this place.
 D = Time resting spent in this place.
 E = Time spent auto-exploring this place.
 F = Levels seen in this place.
 G = Mean time per level.
                   A        B        C        D        E       F      G
               +--------+--------+--------+--------+--------+-----+--------+
         Total |    275 |    275 |      0 |     21 |    188 |   1 |  275.0 |
       Dungeon |    275 |    275 |      0 |     21 |    188 |   1 |  275.0 |
               +--------+--------+--------+--------+--------+-----+--------+

Top non-repeatable levels by time:
     D:1: 275 daAuts
